AoeStats
← Redhead

Glade

510593230Analyzed
1v1 RM · 11h ago on Oct 1, 2026· 42m 16s· 2 players
Game mode
Random Map
Map size
Tiny (2 player)
Population
200
Speed
Normal
Resources
Standard
Victory
Conquest
Starting age
Dark Age
Ending age
Imperial Age
RankedLock teamsTeams togetherTeam positionsShared explorationLock speedFull tech treeHidden civsTurbo modeCheats
Victory
Defeat
🇳🇱 Magyars · Netherlands
966
+17
🇹🇼 Hindustanis · Taiwan
993
-17
Redhead
6:51 Loom
9:57 Feudal Age
12:11 Double-Bit Axe
18:37 Castle Age
18:04 Town Watch
18:41 Bloodlines
18:38 Scale Barding Armor
18:46 Pikeman
19:32 Husbandry
23:15 Scale Mail Armor
31:49 Bow Saw
32:03 Horse Collar
35:55 Imperial Age
33:12 Town Watch
34:36 Chain Barding Armor
36:23 Murder Holes
36:49 Ballistics
40:25 Cavalier
carreychang1205
5:32 Loom
9:37 Feudal Age
10:03 Double-Bit Axe
10:01 Horse Collar
14:16 Forging
16:36 Wheelbarrow
17:36 Wheelbarrow
20:16 Castle Age
21:34 Bloodlines
21:24 Husbandry
21:35 Scale Barding Armor
22:05 Iron Casting
22:08 Bow Saw
22:00 Heavy Plow
23:02 Elite Skirmisher
28:56 Hand Cart
28:26 Town Watch
32:20 Imperial Age
32:16 Thumb Ring
34:19 Chemistry
33:26 Squires
35:46 Fletching
35:57 Padded Archer Armor
35:56 Pikeman
Connection lost

Rejoining the realm…

Still unreachable

The connection could not be restored.

Session expired

The server has moved on; the page needs a fresh start.